Map: Dasan Station LE

Players

Gracz - Winner!

  • Race: Terran Terran
  • League: Silver

SmiLeToMe

  • Race: Terran Terran
  • League: Gold

VOD

Have the link to the VOD?

Description

Time

  • Played on: Oct. 22, 2016, 11:41 a.m.
  • Length: 7:46
Show
View Real Time Build Order
Export as new Build Order

Gracz Terran - Winner!

Build Orders: MMM Bio 

Get SALT Encoding   

  12  0:01  SCV  
  13  0:18  Supply Depot  
  13  0:20  SCV  
  14  0:25  Refinery  
  14  0:34  SCV  
  15  0:41  Barracks  
  15  0:51  SCV  
  16  1:03  SCV  
  17  1:15  SCV  
  18  1:21  Refinery  
  18  1:27  SCV  
  18  1:31  Barracks Tech Lab  
  19  1:47  Factory  
  19  1:48  SCV  
  20  1:57  Barracks  
  20  2:00  SCV  
  21  2:05  Marauder  
  23  2:17  Supply Depot  
  23  2:20  Supply Depot  
  23  2:34  Factory Tech Lab  
  23  2:35  Starport  
  23  2:39  SCV  
  23  2:42  Combat Shields  
  24  2:52  Orbital Command  
  24  2:56  Barracks Reactor  
  24  3:15  Starport Reactor  
  24  3:22  Cyclone  
  24  3:24  Marauder  
  30  3:33  Marine x2  
  32  3:46  Marauder  
  34  4:01  Stimpack  
  34  4:04  Medivac  
  32  4:24  Marauder  
  32  4:25  Marine x2  
  36  4:31  Cyclone  
  36  4:33  Supply Depot  
  40  4:42  Unknown, Command Center  
  40  4:43  Marine x2  
  42  4:46  Marauder  
  42  4:49  SCV  
  45  4:57  Liberator  
  45  5:01  SCV  
  46  5:12  Cyclone  
  53  5:39  Marine x2  
  53  5:42  Marauder  
  57  5:54  Unknown  
  57  5:57  Marine x2  
  59  6:10  Medivac x2  
  63  6:12  Cyclone  
  63  6:14  Marine  
  63  6:15  Marine  
  66  6:27  Marauder  
  66  6:32  Orbital Command  
  68  6:34  SCV  
  69  6:46  SCV  
  70  6:49  Marauder  
  71  6:58  SCV  
  55  7:10  SCV  
Show
View Real Time Build Order
Export as new Build Order

SmiLeToMe Terran 

Build Orders:  

Get SALT Encoding   

  12  0:01  SCV  
  13  0:13  SCV  
  14  0:19  Supply Depot  
  14  0:25  SCV  
  15  0:29  Refinery  
  15  0:45  Barracks  
  15  0:47  SCV  
  16  0:59  SCV  
  17  1:08  Barracks  
  17  1:11  SCV  
  18  1:20  Barracks  
  18  1:27  SCV  
  19  1:39  SCV  
  20  1:49  Marine, Supply Depot  
  20  1:52  SCV  
  22  1:56  Marine  
  23  2:04  Supply Depot  
  23  2:10  Marine  
  23  2:11  Marine  
  25  2:16  SCV  
  25  2:19  Marine  
  27  2:28  Marine  
  27  2:29  Marine, Refinery  
  29  2:31  SCV  
  29  2:37  Marine  
  30  2:43  SCV  
  32  2:46  Marine  
  32  2:47  Marine  
  34  2:52  Supply Depot  
  34  2:54  Marine  
  35  3:05  SCV  
  36  3:06  Factory  
  36  3:18  Barracks Tech Lab  
  36  3:20  Barracks Reactor  
  36  3:24  Engineering Bay  
  36  3:26  Orbital Command  
  36  3:51  Missile Turret, SCV  
  36  3:53  Factory Tech Lab  
  37  3:55  Starport  
  37  4:02  Stimpack  
  35  4:21  Marine x4  
  39  4:25  SCV  
  40  4:32  Medivac  
  42  4:39  Marine x3  
  42  4:40  SCV  
  46  4:47  Supply Depot  
  46  4:52  Marine  
  47  5:02  Supply Depot  
  47  5:04  Supply Depot  
  47  5:08  Marine x2  
  49  5:16  Marine  
  49  5:17  Marine  
  49  5:19  SCV  
  52  5:22  Terran Infantry Weapons Level 1  
  52  5:23  Missile Turret  
  52  5:26  Marine x2  
  54  5:31  SCV  
  54  5:34  Marine  
  56  5:36  Viking  
  50  6:02  Marine x3  
  50  6:03  Marine  
  53  6:09  Medivac  
  55  6:17  SCV  
  56  6:20  Marine x4  
  60  6:29  Starport  
  60  6:36  SCV  
  60  6:38  Marine  
  60  6:39  Marauder  
  61  6:58  Marine x2  
  61  7:00  Marauder  
  32  7:16  Marine x2  
  32  7:21  Marine  
  26  7:32  SCV  
Tags
 
Add a new tag
Caveats
  • Supply blocks, unpowered buildings, or Contaminate may cause inaccurate times.
  • Supply counts are checked every 10 seconds.